SL
JACKSON GENERALS @ JACKSONVILLE SUNS
07/13/2099
 
TOP OF THE 1ST
Jackson Generals batting - Pitching for Jacksonville Suns : RHP Jaime Alvim
Pitching: RHP Jaime Alvim
Batting: RHB Raul Castro 0-0: Ball
1-0: Ball
2-0: Fly out, F8 (Flyball, 89S, EV 96.3 MPH)
Batting: LHB Carlos Rivera 0-0: Called Strike
0-1: Ball
1-1: SOLO HOME RUN (Flyball, 89XD, EV 111.3 MPH), Distance : 413 ft
Batting: RHB Janani Sulaiman 0-0: Called Strike
0-1: Ball
1-1: Foul Ball, location: 5DF
1-2: Foul Ball, location: 23FF
1-2: Foul Ball, location: 3DF
1-2: SINGLE (Line Drive, 9S, EV 102.5 MPH)
Batting: LHB Manuel Sanchez 0-0: Ball
1-0: Ball
2-0: TRIPLE (Line Drive, 89XD, EV 105.6 MPH)
Janani Sulaiman scores
Batting: LHB Ken Coots 0-0: Ground out 6-3 (Groundball, 6S, EV 84.4 MPH)
Manuel Sanchez scores
Batting: RHB Vince Byrd 0-0: Ball
1-0: Swinging Strike
1-1: Called Strike
1-2: Strikes out swinging
Top of the 1st over - 3 runs, 3 hits, 0 errors, 0 left on base; Jackson 3 - Jacksonville 0
BOTTOM OF THE 1ST
Jacksonville Suns batting - Pitching for Jackson Generals : LHP Tommy Dwyer
Pitching: LHP Tommy Dwyer
Batting: RHB Jeremy Bennett 0-0: Swinging Strike
0-1: Swinging Strike
0-2: Strikes out swinging
Batting: SHB Jeremy Maughan 0-0: Ball
1-0: Called Strike
1-1: Called Strike
1-2: Strikes out swinging
Batting: RHB Dusty Evans 0-0: Called Strike
0-1: Called Strike
0-2: Ball
1-2: Foul Ball, location: 2F
1-2: Ball
2-2: Strikes out swinging
Bottom of the 1st over - 0 runs, 0 hits, 0 errors, 0 left on base; Jackson 3 - Jacksonville 0
TOP OF THE 2ND
Jackson Generals batting - Pitching for Jacksonville Suns : RHP Jaime Alvim
Batting: RHB Craig Ballinger 0-0: Ball
1-0: Ball
2-0: Ground out 4-3 (Groundball, 4S, EV 68.1 MPH)
Batting: SHB Braeden Wilson 0-0: Ball
1-0: Ball
2-0: Ball
3-0: Base on Balls
Batting: RHB Josh Barker 0-0: Fly out, F3 (Popup, 3F, EV 69.4 MPH)
Batting: RHB Raul Castro 0-0: SINGLE (Groundball, 6MD, EV 103.1 MPH)
Braeden Wilson to second
Runner from 2nd tries for 3rd, SAFE, throw by CF made to third
Batting: LHB Carlos Rivera 0-0: Ball
1-0: Ball
2-0: 3-RUN HOME RUN (Flyball, 89XD, EV 99.4 MPH), Distance : 404 ft
Batting: RHB Janani Sulaiman 0-0: Called Strike
0-1: SINGLE (Groundball, 34D, EV 105.0 MPH)
Batting: LHB Manuel Sanchez 0-0: Ball
1-0: Ball
2-0: Called Strike
2-1: Foul Ball, location: 23F
2-2: Fly out, F8 (Flyball, 8RD, EV 80.0 MPH)
Top of the 2nd over - 3 runs, 3 hits, 0 errors, 1 left on base; Jackson 6 - Jacksonville 0
BOTTOM OF THE 2ND
Jacksonville Suns batting - Pitching for Jackson Generals : LHP Tommy Dwyer
Batting: RHB Steve Pedraza 0-0: Ball
1-0: SINGLE (Line Drive, 4D, EV 108.1 MPH)
Batting: LHB Jerry Morales 0-0: Ball
1-0: Foul Ball, location: 2F
1-1: Swinging Strike
1-2: Foul Ball, location: 7LMF
1-2: Ball
2-2: Ball
3-2: Base on Balls
Steve Pedraza to second
Batting: RHB Jason Milano 0-0: Called Strike
0-1: Foul Ball, location: 7LSF
0-2: Grounds into double play, 3-6-1 (Groundball, 34, EV 103.1 MPH)
Steve Pedraza to third
Batting: LHB Andy Fresi 0-0: Called Strike
0-1: Called Strike
0-2: Ball
1-2: SINGLE (Line Drive, 56D, EV 101.9 MPH)
Steve Pedraza scores
Batting: LHB Izzy Montes 0-0: Ball
1-0: Fielders Choice at 2nd, U4 (Groundball, 4M, EV 98.8 MPH)
Bottom of the 2nd over - 1 run, 2 hits, 0 errors, 1 left on base; Jackson 6 - Jacksonville 1
TOP OF THE 3RD
Jackson Generals batting - Pitching for Jacksonville Suns : RHP Jaime Alvim
Batting: LHB Ken Coots 0-0: Swinging Strike
0-1: Ball
1-1: Called Strike
1-2: Ball
2-2: Foul Ball, location: 2F
2-2: Strikes out swinging
Batting: RHB Vince Byrd 0-0: Ball
1-0: Swinging Strike
1-1: Called Strike
1-2: Ball
2-2: Ground out 5-3 (Groundball, 56S, EV 78.1 MPH)
Batting: RHB Craig Ballinger 0-0: Called Strike
0-1: Ground out U3 (Groundball, 34, EV 81.9 MPH)
Top of the 3rd over - 0 runs, 0 hits, 0 errors, 0 left on base; Jackson 6 - Jacksonville 1
BOTTOM OF THE 3RD
Jacksonville Suns batting - Pitching for Jackson Generals : LHP Tommy Dwyer
Batting: LHB Jake King 0-0: Ball
1-0: Foul Ball, location: 5FF
1-1: Ball
2-1: Ball
3-1: SOLO HOME RUN (Line Drive, 9LD, EV 92.5 MPH), Distance : 342 ft
Batting: RHB Jeremy Bennett 0-0: Ball
1-0: Ground out 1-3 (Groundball, 15, EV 68.1 MPH)
Batting: SHB Jeremy Maughan 0-0: Foul Ball, location: 7LDF
0-1: Ball
1-1: Ball
2-1: Foul Ball, location: 2F
2-2: Strikes out swinging
Batting: RHB Dusty Evans 0-0: Ball
1-0: Ball
2-0: Called Strike
2-1: Called Strike
2-2: Ball
3-2: Foul Ball, location: 2F
3-2: Base on Balls
Batting: RHB Steve Pedraza 0-0: Called Strike
0-1: Ball
1-1: Ball
2-1: Foul Ball, location: 2F
2-2: Foul Ball, location: 9LMF
2-2: Ball
3-2: Fly out, F6 (Popup, 6MS, EV 84.4 MPH)
Bottom of the 3rd over - 1 run, 1 hit, 0 errors, 1 left on base; Jackson 6 - Jacksonville 2
TOP OF THE 4TH
Jackson Generals batting - Pitching for Jacksonville Suns : RHP Jaime Alvim
Batting: SHB Braeden Wilson 0-0: Called Strike
0-1: Fly out, F9 (Flyball, 9, EV 90.6 MPH)
Pitching: RHP George Canup
Batting: RHB Josh Barker 0-0: Ball
1-0: Ball
2-0: Single, Error in OF, E8, batter to second base (Line Drive, 4MD, EV 104.4 MPH)
Batting: RHB Raul Castro 0-0: Foul Ball, location: 2F
0-1: Ball
1-1: Fly out, F9 (Flyball, 89M, EV 88.8 MPH)
Batting: LHB Carlos Rivera 0-0: Ball
1-0: Ball
2-0: Ball
3-0: Foul Ball, location: 7LSF
3-1: Base on Balls
Batting: RHB Janani Sulaiman 0-0: Called Strike
0-1: Swinging Strike
0-2: Strikes out swinging
Top of the 4th over - 0 runs, 1 hit, 1 error, 2 left on base; Jackson 6 - Jacksonville 2
BOTTOM OF THE 4TH
Jacksonville Suns batting - Pitching for Jackson Generals : LHP Tommy Dwyer
Batting: LHB Jerry Morales 0-0: Ball
1-0: Called Strike
1-1: Ball
2-1: Ground out 5-3 (Groundball, 56S, EV 69.4 MPH)
Batting: RHB Jason Milano 0-0: Called Strike
0-1: Swinging Strike
0-2: Foul Ball, location: 2F
0-2: SINGLE (Groundball, 4D, EV 102.5 MPH)
Batting: LHB Andy Fresi 0-0: Ball
1-0: Ball
2-0: Fielders Choice at 2nd, 3-6 (Groundball, 34, EV 104.4 MPH)
Batting: LHB Izzy Montes 0-0: Ball
1-0: Foul Ball, location: 2F
1-1: Foul Ball, location: 2F
1-2: Foul Ball, location: 7LDF
1-2: Ball
2-2: Fly out, F7 (Flyball, 7, EV 77.5 MPH)
Bottom of the 4th over - 0 runs, 1 hit, 0 errors, 1 left on base; Jackson 6 - Jacksonville 2
TOP OF THE 5TH
Jackson Generals batting - Pitching for Jacksonville Suns : RHP George Canup
Batting: LHB Manuel Sanchez 0-0: Foul Ball, location: 5DF
0-1: Swinging Strike
0-2: Strikes out looking
Batting: LHB Ken Coots 0-0: Ball
1-0: Swinging Strike
1-1: Ball
2-1: Ball
3-1: Base on Balls
Batting: RHB Vince Byrd 0-0: Ball
1-0: Ball
2-0: Foul Ball, location: 7LSF
2-1: Grounds into double play, 6-4-3 (Groundball, 6, EV 84.4 MPH)
Top of the 5th over - 0 runs, 0 hits, 0 errors, 0 left on base; Jackson 6 - Jacksonville 2
BOTTOM OF THE 5TH
Jacksonville Suns batting - Pitching for Jackson Generals : LHP Tommy Dwyer
Batting: LHB Jake King 0-0: Foul Ball, location: 2F
0-1: Ball
1-1: Ball
2-1: Foul Ball, location: 2F
2-2: Ground out 5-3 (Groundball, 5L, EV 88.1 MPH)
Batting: RHB Jeremy Bennett 0-0: Called Strike
0-1: Ball
1-1: Ball
2-1: Ball
3-1: Foul Ball, location: 25F
3-2: Base on Balls
Batting: SHB Jeremy Maughan 0-0: Ball
Jeremy Bennett steals 2nd base
1-0: Foul Ball, location: 9LMF
1-1: Called Strike
1-2: Ground out 5-3 (Groundball, 5L, EV 108.1 MPH)
Batting: RHB Dusty Evans 0-0: Foul Ball, location: 3DF
0-1: Foul Ball, location: 2F
0-2: Foul Ball, location: 3F
0-2: Ball
1-2: Ball
2-2: Ball
3-2: Fly out, F3 (Popup, 3F, EV 75.0 MPH)
Bottom of the 5th over - 0 runs, 0 hits, 0 errors, 1 left on base; Jackson 6 - Jacksonville 2
TOP OF THE 6TH
Jackson Generals batting - Pitching for Jacksonville Suns : RHP George Canup
Batting: RHB Craig Ballinger 0-0: Foul Ball, location: 25F
0-1: Called Strike
0-2: Foul Ball, location: 9LSF
0-2: Ball
1-2: Ball
2-2: Foul Ball, location: 2F
2-2: Strikes out swinging
Pitching: RHP Tony Silva
Batting: SHB Braeden Wilson 0-0: SINGLE (Groundball, 3D, EV 108.1 MPH)
Batting: RHB Josh Barker 0-0: Called Strike
0-1: Ball
1-1: Swinging Strike
1-2: Ball
2-2: Ball
3-2: Base on Balls
Braeden Wilson to second
Batting: RHB Raul Castro 0-0: Ball
1-0: Called Strike
1-1: Swinging Strike
1-2: Ball
2-2: Foul Ball, location: 3DF
2-2: Foul Ball, location: 5DF
2-2: Strikes out swinging
Batting: LHB Carlos Rivera 0-0: Called Strike
0-1: Ball
1-1: Fielders Choice at 2nd, 6-4 (Groundball, 6, EV 79.4 MPH)
Top of the 6th over - 0 runs, 1 hit, 0 errors, 2 left on base; Jackson 6 - Jacksonville 2
BOTTOM OF THE 6TH
Jacksonville Suns batting - Pitching for Jackson Generals : LHP Tommy Dwyer
Batting: RHB Steve Pedraza 0-0: Ground out U3 (Groundball, 3L, EV 78.1 MPH)
Batting: LHB Jerry Morales 0-0: Ball
1-0: Called Strike
1-1: Foul Ball, location: 7LSF
1-2: Fly out, F7 (Flyball, 78S, EV 91.3 MPH)
DELAY Rain delay of 15 minutes in the 6th inning.
Pitching: RHP Shane Mattila
Batting: RHB Jason Milano 0-0: Called Strike
0-1: Ball
1-1: Foul Ball, location: 2F
1-2: Ball
2-2: Ball
3-2: Foul Ball, location: 3DF
3-2: Foul Ball, location: 9LSF
3-2: Ground out 6-3 (Groundball, 6, EV 97.5 MPH)
Bottom of the 6th over - 0 runs, 0 hits, 0 errors, 0 left on base; Jackson 6 - Jacksonville 2
TOP OF THE 7TH
Jackson Generals batting - Pitching for Jacksonville Suns : RHP Tony Silva
Batting: RHB Janani Sulaiman 0-0: Ball
1-0: Swinging Strike
1-1: Foul Ball, location: 9LSF
1-2: Foul Ball, location: 9LMF
1-2: Strikes out swinging
Batting: LHB Manuel Sanchez 0-0: Foul Ball, location: 3F
0-1: Foul Ball, location: 2F
0-2: Fly out, F9 (Flyball, 9, EV 81.3 MPH)
Batting: LHB Ken Coots 0-0: Called Strike
0-1: Foul Ball, location: 7LDF
0-2: Foul Ball, location: 9LSF
0-2: SINGLE (Groundball, 4MD, EV 105.0 MPH)
Batting: RHB Vince Byrd 0-0: Foul Ball, location: 25F
0-1: Ball
1-1: Swinging Strike
1-2: Ball
2-2: Strikes out looking
Top of the 7th over - 0 runs, 1 hit, 0 errors, 1 left on base; Jackson 6 - Jacksonville 2
BOTTOM OF THE 7TH
Jacksonville Suns batting - Pitching for Jackson Generals : RHP Shane Mattila
Batting: LHB Andy Fresi 0-0: Called Strike
0-1: Called Strike
0-2: Ball
1-2: Ball
2-2: Foul Ball, location: 5SF
2-2: Strikes out swinging
Batting: LHB Izzy Montes 0-0: Ball
1-0: Called Strike
1-1: Ball
2-1: Ball
3-1: Foul Ball, location: 23F
3-2: Ground out 4-3 (Groundball, 4, EV 102.5 MPH)
Batting: LHB Jake King 0-0: Ball
1-0: Foul Ball, location: 5F
1-1: SINGLE (Line Drive, 6MD, EV 111.3 MPH)
Batting: RHB Jeremy Bennett 0-0: Ball
Wild Pitch!
Jake King to second
1-0: Ball
2-0: Foul Ball, location: 9LSF
2-1: Called Strike
2-2: Strikes out looking
Bottom of the 7th over - 0 runs, 1 hit, 0 errors, 1 left on base; Jackson 6 - Jacksonville 2
TOP OF THE 8TH
Jackson Generals batting - Pitching for Jacksonville Suns : RHP Tony Silva
Batting: RHB Craig Ballinger 0-0: Foul Ball, location: 2LF
0-1: Swinging Strike
0-2: Strikes out swinging
Batting: SHB Braeden Wilson 0-0: Ball
1-0: Ball
2-0: Ball
3-0: Base on Balls
Pitching: RHP Aaron Clements
Batting: RHB Josh Barker 0-0: Fielders Choice at 2nd, 1-6 (Groundball, 13S, EV 68.8 MPH)
Batting: RHB Raul Castro 0-0: Ball
1-0: Ball
2-0: Ball
3-0: Base on Balls
Josh Barker to second
Batting: LHB Carlos Rivera 0-0: Called Strike
0-1: Ball
1-1: Fly out, F7 (Flyball, 7LM, EV 101.9 MPH)
Top of the 8th over - 0 runs, 0 hits, 0 errors, 2 left on base; Jackson 6 - Jacksonville 2
BOTTOM OF THE 8TH
Jacksonville Suns batting - Pitching for Jackson Generals : RHP Shane Mattila
Batting: SHB Jeremy Maughan 0-0: Called Strike
0-1: Ball
1-1: Ball
2-1: Ball
3-1: Swinging Strike
3-2: SINGLE (Groundball, 4MD, EV 108.1 MPH)
Batting: RHB Dusty Evans 0-0: Grounds into double play, 4-6-3 (Groundball, 34, EV 87.5 MPH)
Batting: RHB Steve Pedraza 0-0: Called Strike
0-1: Ball
1-1: SINGLE (Line Drive, 8RS, EV 106.3 MPH)
Batting: LHB Jerry Morales 0-0: Ball
1-0: SINGLE (Groundball, 4MD, EV 110.6 MPH)
Steve Pedraza to second
Runner from 2nd tries for 3rd, SAFE, throw by CF made to third
Batting: RHB Jason Milano 0-0: Ball
1-0: Ball
Balk!
Steve Pedraza scores
Jerry Morales to second
2-0: Ball
3-0: Called Strike
3-1: Called Strike
3-2: Base on Balls
Pitching: RHP Nate Sharp
Batting: LHB Andy Fresi 0-0: Called Strike
0-1: Ball
1-1: Swinging Strike
1-2: Foul Ball, location: 2F
1-2: Ball
2-2: Foul Ball, location: 2F
2-2: Strikes out swinging
Bottom of the 8th over - 1 run, 3 hits, 0 errors, 2 left on base; Jackson 6 - Jacksonville 3
TOP OF THE 9TH
Jackson Generals batting - Pitching for Jacksonville Suns : RHP Aaron Clements
Batting: RHB Janani Sulaiman 0-0: Foul Ball, location: 9LDF
0-1: Ball
1-1: Ball
2-1: Called Strike
2-2: Ball
3-2: Ground out 6-3 (Groundball, 6, EV 86.9 MPH)
Batting: LHB Manuel Sanchez 0-0: SINGLE (Flyball, 8LS, EV 86.3 MPH)
Batting: LHB Ken Coots 0-0: Foul Ball, location: 7LSF
0-1: Ball
1-1: Ball
2-1: Foul Ball, location: 2F
2-2: Ball
3-2: Foul Ball, location: 2F
3-2: Strikes out looking
Batting: RHB Vince Byrd 0-0: Ball
1-0: Ball
2-0: DOUBLE (Flyball, 78XD, EV 101.3 MPH)
Manuel Sanchez to third
Runner from 3rd tries for Home, SAFE, no throw by CF
Batting: RHB Craig Ballinger 0-0: Called Strike
0-1: Fly out, F7 (Line Drive, 7, EV 89.4 MPH)
Top of the 9th over - 1 run, 2 hits, 0 errors, 1 left on base; Jackson 7 - Jacksonville 3
BOTTOM OF THE 9TH
Jacksonville Suns batting - Pitching for Jackson Generals : RHP Nate Sharp
Batting: LHB Izzy Montes 0-0: Called Strike
0-1: Swinging Strike
0-2: Ball
1-2: Ball
2-2: Ground out 4-3 (Groundball, 4, EV 92.5 MPH)
Batting: LHB Jake King 0-0: Ball
1-0: Ball
2-0: SINGLE (Groundball, P, EV 84.4 MPH) (infield hit)
Pinch Hitting: LHB Dan Parker 0-0: Ball
Pickoff Throw to First - Out! 1-3 CS
1-0: Foul Ball, location: 5F
1-1: Ball
2-1: Swinging Strike
2-2: Ball
3-2: Foul Ball, location: 3FF
3-2: Strikes out looking
Bottom of the 9th over - 0 runs, 1 hit, 0 errors, 0 left on base; Jackson 7 - Jacksonville 3
Saturday, May 11th , 2024 - OOTP Baseball 24.11 Build 85